 Dungeon Crawl Stone Soup version 0.28.0-53-g5a82cb258f (webtiles) character file.

Game seed: 1820223520954281214

35 Morge the Slasher (level 3, 0/31 HPs)
             Began as a Minotaur Gladiator on Aug 1, 2022.
             Slain by a gnoll
             ... wielding a +0 flail
              (10 damage)
             ... on level 2 of the Dungeon.
             The game lasted 00:04:08 (1161 turns).

Morge the Slasher (Minotaur Gladiator)              Turns: 1161, Time: 00:04:09

Health: 0/31       AC:  3    Str: 20    XL:     3   Next: 17%
Magic:  2/2        EV: 12    Int:  5    God:
Gold:   42         SH:  0    Dex: 11    Spells: 2/2 levels left

rFire   . . .      SeeInvis .   a - +0 long sword (flame)
rCold   . . .      Faith    .   (no shield)
rNeg    . . .      Spirit   .   b - +0 leather armour
rPois   .          Reflect  .   c - +0 hat
rElec   .          Harm     .   (no cloak)
rCorr   .          Rampage  .   (no gloves)
Will    .....                   (no boots)
Stlth   +.........              (no amulet)
HPRegen 0.10/turn               (no ring)
MPRegen 0.08/turn               (no ring)

@: no status effects
A: horns 2, retaliatory headbutt
a: no special abilities


You were on level 2 of the Dungeon.
You visited 1 branch of the dungeon, and saw 2 of its levels.

You collected 42 gold pieces.

Inventory:

Hand Weapons
 a - a +0 long sword of flaming (weapon)
 g - a +1 dagger of holy wrath
Missiles
 d - 3 throwing nets
 e - 5 boomerangs of dispersal (quivered)
Armour
 b - a +0 leather armour (worn)
 c - a +0 hat (worn)
Magical Staves
 l - a staff of death
Scrolls
 h - a scroll of immolation {unknown}
 i - a scroll of enchant armour {unknown}
 j - a scroll of brand weapon
 m - a scroll of noise {unknown}
 n - a scroll of blinking {unknown}
Potions
 f - 2 potions of might {unknown}
 k - a potion of curing {unknown}


   Skills:
 + Level 3.3 Fighting
 + Level 4.4 Long Blades
 + Level 2.0 Throwing
 + Level 0.1 Armour
 + Level 3.5 Dodging


You had 2 spell levels left.
You didn't know any spells.
Your spell library contained the following spells:

 Spells                   Type           Power      Damage    Failure   Level
 Summon Forest            Summ/Tloc      0%         N/A       100%        5
 Summon Mana Viper        Hex/Summ       0%         N/A       100%        5
 Summon Cactus Giant      Summ           0%         N/A       100%        6


Dungeon Overview and Level Annotations

Branches:
Dungeon (2/15)

Altars:


Innate Abilities, Weirdness & Mutations

You have a pair of horns on your head.
You reflexively headbutt those who attack you in melee.


Message History

A hobgoblin comes into view.
Found 12 gold pieces.
You slash the ball python! You burn the ball python.
You kill the ball python!
You slash the rat! You burn the rat.
You kill the rat!
Things that are here:
a rat corpse; a ball python corpse The hobgoblin hits you but does no damage.
You slash the hobgoblin! You burn the hobgoblin.
You kill the hobgoblin!
You see here a hobgoblin corpse.
A frilled lizard comes into view.
Found a book of Touch.
A gnoll comes into view. It is wielding a +0 flail.
The frilled lizard hisses angrily.
The gnoll shouts!
You see here 11 gold pieces.
A gnoll comes into view. It is wielding a +0 flail.
A gnoll comes into view. It is wielding a +0 spear.
Found a leather armour.
The gnoll shouts!
You hear a shout!
An endoplasm comes into view.
The gnoll moves out of view.
The endoplasm quivers.
The gnoll hits you with a +0 flail. The frilled lizard misses you.
The gnoll closely misses you.
A rat comes into view.
You see here a viscous black potion.
Found 17 arrows.
The gnoll hits you with a +0 flail! The gnoll hits you with a +0 flail.
The gnoll hits you from afar with a +0 spear!
The frilled lizard misses you. You furiously retaliate!
You headbutt the frilled lizard.
You kill the frilled lizard!
The gnoll barely misses you.
Things that are here:
a viscous black potion; a frilled lizard corpse The gnoll closely misses you.
You barely miss the gnoll. The gnoll hits you with a +0 flail!
You die...

##.....#.....##
##.............##
#...............#
#...............#
#...............# #
#...............# ...
#........†......#
#.[.####g..............#
#..g!@..$.....†....##
....r.##g......<#.....##
........J....##.###....$#
...(##.......##.# .....#
... #.......##.# .....#
.. #.......#... .....# .
.........#... .....#
.#......:....# .....#
#..##


You could see 3 gnolls, an endoplasm and a rat.

Vanquished Creatures
  A gnoll (D:1)
  A dart slug (D:1)
  5 ball pythons
  An endoplasm (D:1)
  4 goblins (D:1)
  3 hobgoblins
  A frilled lizard (D:2)
  4 kobolds (D:1)
  3 rats
23 creatures vanquished.

Notes
Turn   | Place    | Note
-------+----------+-------------------------------------------
     0 | D:1      | Morge the Minotaur Gladiator began the quest for the Orb.
     0 | D:1      | Reached XP level 1. HP: 18/18 MP: 0/0
   301 | D:1      | Reached skill level 4 in Long Blades
   320 | D:1      | Reached XP level 2. HP: 22/25 MP: 1/1
   607 | D:1      | Reached XP level 3. HP: 30/31 MP: 2/2
  1161 | D:2      | Slain by a gnoll

Illustrated notes

Levels and vault maps discovered:
D:1:      dpeg_chamrin_arrival_tetris, layout_basic, amethyst_killhole,
          minmay_tiny_reverse_x
D:2:      layout_rooms, serial_shops, nicolae_shop_stone, nicolae_shop_stone,
          shop_fountains, nicolae_shop_waterfront,
          nicolae_shop_temple_entry_statues_fountains,
          kennysheep_generic_room_14

Skill      XL: |  1  2 |
---------------+-------+-----
Long Blades    | 4 |  4.4
Fighting       | 3 |  3.3
Throwing       | |  2.0
Armour         | |  0.1
Dodging        | |  3.5

Action                   || total
-------------------------++-------
Melee: Long sword        ||    34
       Headbutt          ||     1
Throw: Boomerang         ||     1
  Use: Scroll            ||     2
Armor: Leather armour    ||    11
Dodge: Dodged            ||    43
